 Dungeon Crawl Stone Soup version 0.20.0-15-g7f486f2 (webtiles) character file.

696 anfisbena the Firebug (level 7, -2/36 HPs)
             Began as a Gargoyle Fire Elementalist on June 16, 2017.
             Slain by a worker ant (6 damage)
             ... on level 5 of the Dungeon.
             The game lasted 00:11:52 (6301 turns).

anfisbena the Firebug (Gargoyle Fire Elementalist)  Turns: 6301, Time: 00:11:53

Health: -2/36      AC:  6    Str: 11    XL:     7   Next: 64%
Magic:  3/10       EV: 12    Int: 20    God:
Gold:   312        SH:  0    Dex: 10    Spells: 4/10 levels left

rFire    . . .     SeeInvis .   (no weapon)
rCold    . . .     Gourm    .   (no shield)
rNeg     + . .     Faith    .   a - +0 robe
rPois    ∞         Spirit   .   (no helmet)
rElec    +         Reflect  .   (no cloak)
rCorr    .         Harm     .   (no gloves)
MR       .....                  (no boots)
Stlth    ++........             (no amulet)
Regen    0.2/turn               (no ring)
MPRegen  0.2/turn               l - +2 ring of intelligence

@: no status effects
A: negative energy resistance 1, electricity resistance, unbreathing,
petrification resistance, rot immunity, AC +4
a: no special abilities


You were on level 5 of the Dungeon.
You were hungry.

You visited 1 branch of the dungeon, and saw 5 of its levels.

You collected 312 gold pieces.

Inventory:

Armour
 a - a +0 robe (worn)
Jewellery
 l - a +2 ring of intelligence (right hand)
Wands
 f - a wand of confusion (20/48)
Scrolls
 d - 2 scrolls of enchant armour {unknown}
 m - 2 scrolls of identify {unknown}
 o - 2 scrolls of recharging {unknown}
 p - a scroll of immolation {unknown}
 r - a scroll of amnesia {unknown}
 s - 2 scrolls of fear {unknown}
 v - 5 scrolls of teleportation
 w - a scroll of magic mapping {unknown}
Potions
 e - a potion of flight {unknown}
 h - 3 potions of lignification {unknown}
 i - 2 potions of agility {unknown}
 j - 2 potions of curing {unknown}
 k - a potion of degeneration {unknown}
 n - a potion of magic {unknown}
 q - 2 potions of brilliance {unknown}
 t - 3 potions of might {unknown}
 u - a potion of mutation {unknown}
 z - a potion of ambrosia {unknown}
Books
 b - a book of Flames

   Spells                             Type                      Level
   a - Flame Tongue                   Conjuration/Fire             1
   b - Throw Flame                    Conjuration/Fire             2
   c - Conjure Flame                  Conjuration/Fire             3
   d - Inner Flame                    Hexes/Fire                   3
   e - Sticky Flame                   Conjuration/Fire             4
   f - Fireball                       Conjuration/Fire             5
Comestibles
 c - 3 bread rations
 g - 3 royal jellies


   Skills:
 - Level 1.5 Dodging
 - Level 2.1 Stealth
 - Level 2.0 Spellcasting
 + Level 5.8 Conjurations
 * Level 6.8 Fire Magic


You had 4 spell levels left.
You knew the following spells:

 Your Spells              Type           Power        Failure   Level  Hunger
a - Flame Tongue          Conj/Fire      ####.        1%          1    #......
b - Throw Flame           Conj/Fire      ####..       1%          2    ##.....
c - Conjure Flame         Conj/Fire      ####....     3%          3    ###....


Dungeon Overview and Level Annotations

Branches:
Dungeon (5/15)
 Temple: D:4-7

Altars:
Elyvilon
Fedhas
Okawaru
Ru
Sif Muna
Vehumet
Zin


Innate Abilities, Weirdness & Mutations

You are resistant to torment.
Your stone body is resilient. (AC +4)
You are immune to poison.
You resist negative energy. (rN+)
You are resistant to electric shocks. (rElec)
You can survive without breathing.
You are immune to petrification.
You are immune to rotting.


Message History

The worker ant twitches its antennae in your direction.
The worker ant bites you.
* * * LOW HITPOINT WARNING * * *
You hit the worker ant but do no damage.
The worker ant bites you but does no damage.
The wight barely misses you.
A phantom comes into view.
The worker ant closely misses you. The worker ant closely misses you.
The worker ant bites you.
* * * LOW HITPOINT WARNING * * *
The phantom completely misses you.
The phantom blinks!
Found 2 golden potions.
An adder comes into view.
The worker ant misses you.
A quokka comes into view.
The adder hisses angrily.
The worker ant bites you.
You die...

##................
##.............>...
#..........####....
####..........#
#....
.............#
#.... #...........#
##....
#...........#
#.....
#...........#
#.....
##..@az.....##
#.....
#..!........#
#.....
#.......S...#
#.....
#...........#
##....
#..........## #####
##.........#
#..r.....##
#####..... ######
###..# #.....


You could see a worker ant, a wight, an adder and a quokka (sleeping).

Vanquished Creatures
  An ogre (D:4)
  A centaur (D:5)
  3 scorpions
  3 wights (D:5)
  A bullfrog skeleton (D:5)
  2 worker ants (D:4)
  A howler monkey zombie (D:5)
  4 adders
  A shadow imp (D:5)
  2 oozes
  An adder skeleton (D:5)
  4 worms
  6 dart slugs
  A leopard gecko (D:1)
  10 orcs
  6 giant cockroaches
  12 goblins
  10 hobgoblins
  3 jackals (D:1)
  6 kobolds
  A quokka (D:3)
  2 ball pythons (D:3)
  7 bats
  3 frilled lizards
  7 rats
98 creatures vanquished.

Notes
Turn   | Place    | Note
-------+----------+-------------------------------------------
     0 | D:1      | anfisbena the Gargoyle Fire Elementalist began the quest for the Orb.
     0 | D:1      | Reached XP level 1. HP: 10/10 MP: 3/3
   161 | D:1      | Reached XP level 2. HP: 15/15 MP: 1/5
   884 | D:1      | Reached XP level 3. HP: 14/19 MP: 1/6
  1524 | D:2      | Reached skill level 4 in Fire Magic
  1923 | D:2      | Reached XP level 4. HP: 24/24 MP: 5/7
  2206 | D:2      | Learned a level 2 spell: Throw Flame
  2210 | D:2      | Learned a level 3 spell: Conjure Flame
  2690 | D:2      | You fall through a shaft!
  3257 | D:3      | Reached XP level 5. HP: 22/28 MP: 0/8
  3258 | D:3      | Found a deep blue altar of Sif Muna.
  3258 | D:3      | Found a blossoming altar of Fedhas.
  3670 | D:3      | Found a radiant altar of Vehumet.
  3670 | D:3      | Found a white marble altar of Elyvilon.
  3678 | D:3      | Found an iron altar of Okawaru.
  3808 | D:3      | Found a sacrificial altar of Ru.
  3812 | D:3      | Found a glowing silver altar of Zin.
  3960 | D:4      | Reached skill level 5 in Fire Magic
  3960 | D:4      | Reached XP level 6. HP: 10/32 MP: 0/9
  5267 | D:4      | Reached skill level 5 in Conjurations
  5267 | D:4      | Reached XP level 7. HP: 36/36 MP: 3/10
  5415 | D:5      | Entered Level 5 of the Dungeon
  5574 | D:5      | Reached skill level 6 in Fire Magic
  6301 | D:5      | Slain by a worker ant

Skill      XL: |  1  2  3  4  5  6  7 |
---------------+----------------------+-----
Conjurations   | 2 4 5 |  5.8
Fire Magic     | 4 5 6 |  6.8
Dodging        | |  1.5
Stealth        | |  2.1
Spellcasting   | |  2.0

Action                   |  1- 3 |  4- 6 |  7- 9 || total
-------------------------+-------+-------+-------++-------
Melee: Unarmed           |    32 |    80 |   103 ||   215
       Short sword       |       |    23 |       ||    23
 Cast: Flame Tongue      |    58 |   104 |    44 ||   206
  Use: Scroll            |       |     3 |       ||     3
 Stab: Sleeping          |       |       |     1 ||     1
  Eat: Chunk             |     3 |    10 |     2 ||    15
       Meat ration       |       |     1 |       ||     1
       Fruit             |       |     1 |     1 ||     2
       Royal jelly       |       |       |     1 ||     1
Armor: Robe              |    19 |    84 |    45 ||   148
Dodge: Dodged            |    46 |   161 |    79 ||   286
